Map: Thunderbird LE

Players

Alexzer - Winner!

  • Race: Zerg Zerg
  • League: Platinum
  • Spawn Location: 5:00

pHARM

  • Race: Zerg Zerg
  • League: Platinum
  • Spawn Location: 11:00

VOD

Have the link to the VOD?

Description

Time

  • Played on: Aug. 31, 2019, 1:02 a.m.
  • Length: 7:07
Show
View Real Time Build Order
Export as new Build Order

Alexzer Zerg - Winner!

Build Orders: Pool First 

Get SALT Encoding   

  12  0:01  Drone  
  13  0:11  Drone  
  14  0:18  Overlord  
  14  0:22  Extractor  
  14  0:23  Drone  
  15  0:37  Drone  
  15  0:38  Drone  
  17  0:48  Spawning Pool  
  16  0:50  Drone  
  17  1:12  Hatchery, Extractor  
  17  1:14  Drone  
  17  1:17  Drone  
  17  1:20  Drone  
  18  1:27  Drone  
  19  1:35  Queen  
  19  1:38  Zergling x2  
  22  1:50  Overlord  
  22  2:08  Zergling x2  
  23  2:11  Zergling x2  
  24  2:21  Zergling x2  
  25  2:24  Queen  
  25  2:25  Zergling x2  
  25  2:28  Metabolic Boost  
  28  2:35  Evolution Chamber, Drone  
  28  2:36  Drone  
  29  2:43  Zergling x2  
  30  2:45  Zergling x4  
  30  2:46  Zergling x4  
  34  2:55  Drone  
  34  2:56  Zergling x2  
  36  3:12  Overlord x2  
  36  3:20  Zerg Melee Weapons Level 1  
  36  3:31  Zergling x6  
  36  3:32  Zergling x2  
  40  3:38  Zergling x2  
  40  3:39  Zergling x2  
  40  3:40  Zergling x6  
  45  3:49  Zergling x2  
  45  3:52  Zergling x2  
  45  3:55  Zergling x6  
  50  4:03  Zergling x4  
  52  4:22  Zergling x2  
  52  4:23  Zergling x2  
  52  4:24  Overlord x3  
  47  4:39  Zergling x2  
  47  4:40  Zergling x10  
  50  4:49  Zergling x6  
  49  4:59  Zergling x2  
  46  5:00  Zergling x8  
  41  5:15  Zergling x4  
  34  5:32  Zergling x6  
  34  5:33  Zergling x2  
  36  5:36  Zergling x6  
  36  5:41  Drone  
  36  5:42  Zergling x2  
  41  5:53  Zergling x8  
  41  5:56  Zergling x2  
  46  6:03  Zergling x2, Baneling Nest  
  46  6:05  Zergling x6  
  49  6:12  Zergling x2  
  50  6:21  Hatchery  
  50  6:23  Zergling x10  
  45  6:43  Zergling x8  
Show
View Real Time Build Order
Export as new Build Order

pHARM Zerg 

Build Orders: Hatch First 

Get SALT Encoding   

  12  0:01  Drone  
  13  0:13  Overlord  
  14  0:21  Drone  
  14  0:32  Drone x2  
  16  0:52  Hatchery  
  15  0:59  Drone x2  
  15  1:00  Drone  
  18  1:16  Spawning Pool  
  17  1:20  Drone  
  17  1:22  Drone  
  19  1:38  Extractor  
  18  1:41  Drone  
  18  1:43  Drone  
  20  2:03  Overlord  
  20  2:09  Queen  
  20  2:10  Queen  
  20  2:12  Drone x2  
  26  2:16  Drone x2  
  28  2:26  Spine Crawler  
  27  2:33  Drone  
  27  2:34  Drone  
  29  2:41  Overlord x2  
  29  2:47  Lair  
  29  2:51  Queen  
  31  3:04  Drone x3  
  31  3:05  Drone  
  35  3:36  Evolution Chamber  
  35  3:38  Roach Warren  
  35  3:39  Drone  
  35  3:40  Drone x8  
  35  3:41  Evolution Chamber  
  41  3:49  Drone  
  41  3:55  Extractor  
  41  3:56  Extractor  
  41  3:59  Drone  
  41  4:00  Drone x3  
  41  4:02  Overlord  
  44  4:09  Spine Crawler  
  43  4:11  Evolution Chamber  
  43  4:14  Spine Crawler  
  41  4:25  Spine Crawler  
  38  4:40  Evolution Chamber  
  38  4:44  Evolution Chamber  
  36  5:01  Zergling x20  
  46  5:11  Zergling x2  
  46  5:12  Zergling x2  
  48  5:17  Zergling x2  
  47  5:24  Queen x2  
  47  5:29  Zergling x4  
  47  5:40  Roach Warren  
  46  5:52  Drone x6  
  46  5:53  Baneling Nest  
  51  6:01  Overlord x2  
  51  6:16  Zergling x2  
  52  6:21  Roach x5  
  54  6:29  Roach  
  53  6:37  Roach x3  
  58  6:45  Ravager  
  58  6:46  Roach  
Tags
 
Add a new tag
Caveats
  • Supply blocks, unpowered buildings, or Contaminate may cause inaccurate times.
  • Supply counts are checked every 10 seconds.